cohdb
Replays
Latest Replays
All Replays
Popular Replays
Top Player Replays
Match Explorer
How It Works
Community
CoH3 Stats
Reddit
Sign in to upload your games and track your stats! →
Sign in with Steam
Match 39623858
Unlisted
Match 39623858
Overview
Messages
Build Orders
End
Selects Australian Defense Battlegroup
Selects Australian Light Infantry Section
Australian Light Infantry Section
Vickers Machine Gun Team
Construct Section Command Post
Infantry Section
Construct Platoon Command Post
ML 3-inch Mortar Team
CMP 15cwt Truck
6-pounder Anti-tank Gun Team
Selects Defensive Tactics
Kylen
runningDuck
THE one-冰封夕阳
xingluo99kk1
auv
12392089
Aldon Heiter
Calm
0
0
Comments
sign in to comment!
No comments posted yet!